 Dungeon Crawl Stone Soup version 0.30.1-11-g7821555f0a (webtiles) character file.

Game seed: 1415259079505228284

4150 Kallu the Destroyer (level 10, -4/74 HPs)
             Began as a Gnoll Conjurer on Jan 3, 2024.
             Was a Follower of Uskayaw.
             Slain by a skeletal warrior
             ... wielding a +0 long sword
              (15 damage)
             ... on level 8 of the Dungeon.
             The game lasted 00:22:49 (10271 turns).

Kallu the Destroyer (Gnoll Conjurer)               Turns: 10271, Time: 00:22:50

Health: -4/74      AC: 10    Str:  5 (6)  XL:     10   Next: 27%
Magic:  21/21      EV: 13    Int: 24 (25) God:    Uskayaw [*.....]
Gold:   483        SH:  0    Dex:  7 (10) Spells: 14/23 levels left

rFire   . . .        a - +3 spear
rCold   + . .        (no shield)
rNeg    . . .        y - +0 steam dragon scales
rPois   .            H - +0 helmet
rElec   .            t - scarf {shadows}
rCorr   .            B - +0 pair of gloves
SInv    .            (no boots)
Will    .....        (no amulet)
Stlth   +++          w - +4 ring of slaying
HPRegen 0.32/turn    p - +4 ring of protection
MPRegen 0.17/turn

%: no passive effects
@: on berserk cooldown, slowed, very slow
A: fangs 1, strong nose, distributed training, clever 1, cold resistance 1,
deformed body, sturdy frame 1
a: Renounce Religion, Stomp


You were on level 8 of the Dungeon.
You worshipped Uskayaw.
Uskayaw was noncommittal.
You visited 1 branch of the dungeon, and saw 8 of its levels.
You also visited: Sewer.

You collected 483 gold pieces.

Inventory:

Hand Weapons
 a - a +3 spear (weapon)
Missiles
 m - 3 throwing nets
 o - 6 poisoned darts
Armour
 t - a scarf of shadows (worn)
 y - +0 steam dragon scales (worn)
 B - a +0 pair of gloves (worn)
 H - a +0 helmet (worn)
Jewellery
 l - a ring of fire
 p - a +4 ring of protection (right hand)
 v - a ring of ice
 w - a +4 ring of slaying (left hand)
 L - a ring of flight
Wands
 r - a wand of roots (23)
 M - a wand of polymorph (5)
Scrolls
 c - 2 scrolls of torment {unknown}
 d - 10 scrolls of identify {unknown}
 e - 2 scrolls of noise {unknown}
 i - 4 scrolls of enchant armour {unknown}
 j - a scroll of butterflies {unknown}
 k - a scroll of teleportation {unknown}
 s - 3 scrolls of vulnerability {unknown}
 u - 2 scrolls of fear
 z - 2 scrolls of immolation
 C - a scroll of amnesia {unknown}
 E - 3 scrolls of blinking {unknown}
 F - a scroll of enchant weapon {unknown}
 G - a scroll of brand weapon {unknown}
Potions
 b - a potion of magic
 f - 2 potions of curing
 g - a potion of mutation
 h - 2 potions of lignification {unknown}
 n - a potion of haste {unknown}
 q - a potion of flight {unknown}
 x - 3 potions of degeneration
 A - 3 potions of berserk rage
 D - a potion of brilliance {unknown}
 J - a potion of heal wounds
 K - a potion of might {unknown}
 N - 2 potions of cancellation {unknown}
Miscellaneous
 I - a lightning rod (4/4)


   Skills:
 + Level 5.3 Fighting
 + Level 5.3 Short Blades
 + Level 5.3 Long Blades
 + Level 5.3 Axes
 + Level 5.3 Maces & Flails
 + Level 5.3 Polearms
 + Level 5.3 Staves
 + Level 5.3 Ranged Weapons
 + Level 5.3 Throwing
 + Level 5.3 Armour
 + Level 7.1 Dodging
 + Level 6.8 Stealth
 + Level 5.3 Shields
 + Level 5.3 Unarmed Combat
 + Level 7.4 Spellcasting
 + Level 8.4 Conjurations
 + Level 4.4 Hexes
 + Level 4.4 Summonings
 + Level 4.4 Necromancy
 + Level 4.4 Translocations
 + Level 4.4 Transmutations
 + Level 4.4 Fire Magic
 + Level 4.4 Ice Magic
 + Level 4.4 Air Magic
 + Level 4.4 Earth Magic
 + Level 4.4 Poison Magic
 + Level 5.8 Invocations
 + Level 5.3 Evocations


You had 14 spell levels left.
You knew the following spells:

 Your Spells              Type           Power      Damage    Failure   Level
a - Magic Dart            Conj           100%       1d8       1%          1
b - Searing Ray           Conj           98%        2d8       1%          2
c - Stone Arrow           Conj/Erth      78%        3d11      1%          3
d - Vampiric Draining     Necr           30%        2d8       3%          3

Your spell library contained the following spells:

 Spells                   Type           Power      Damage    Failure   Level
 Slow                     Hex            100%       N/A       1%          1
 Sting                    Tmut/Pois      100%       1d8       1%          1
 Ensorcelled Hibernation  Hex/Ice        60%        N/A       1%          2
 Poisonous Vapours        Pois/Air       60%        N/A       1%          2
 Dazzling Flash           Conj/Hex       78%        N/A       1%          3
 Mephitic Cloud           Conj/Pois/Air  36%        N/A       1%          3
 Confusing Touch          Hex            30%        N/A       3%          3
 Spider Form              Tmut/Pois      30%        N/A       3%          3
 Vhi's Electric Charge    Tloc/Air       60%        N/A       3%          3
 Fulminant Prism          Conj/Hex       19%        3d10      4%          4
 Iskenderun's Mystic Bla  Conj/Tloc      39%        2d9       4%          4
 Anguish                  Hex/Necr       15%        N/A       11%         4
 Animate Armour           Summ/Erth      60%        N/A       11%         4
 Olgreb's Toxic Radiance  Pois           30%        N/A       11%         4
 Arcjolt                  Conj/Air       19%        1d29      14%         5
 Freezing Cloud           Conj/Ice/Air   18%        6-21      19%         5
 Lehudib's Crystal Spear  Conj/Erth      19%        10d6      100%        8
 Maxwell's Capacitive Co  Air            15%        ∞         100%        8


Dungeon Overview and Level Annotations

Branches:
Dungeon (8/15)             Temple (0/1) D:7           Sewer (visited)
   Lair: D:8-11

Altars:
Dithmenos
Elyvilon
Hepliaklqana
Qazlal
Ru
Trog
Uskayaw
Xom
Yredelemnul

Shops:
D:4 !   D:8 **:([

Annotations:
D:8 3 runed translucent doors, Anaz's ghost, novice DgAE


Innate Abilities, Weirdness & Mutations

You have very sharp teeth.
Your uncanny sense of smell can sniff out nearby items.
Your experience applies equally to all skills.
Your mind is acute. (Int +4, Str/Dex -1)
Your flesh is cold resistant. (rC+)
Armour fits poorly on your strangely shaped body.
Your movements are slightly less encumbered by armour. (ER -2)


Message History

The slime creature hits you.
You feel a strong urge to attack something.
The boulder beetle curls into a ball and begins rolling!
The boulder beetle stops rolling and uncurls.
You feel your anger nearly subside.
You are no longer berserk.
You are exhausted.
You feel yourself slow down.
The slime creature attacks as you move away!
The slime creature hits you.
* * * LOW HITPOINT WARNING * * *
The slime creature misses you.
As you read the scroll labelled ECOECYMIEMP, it crumbles to dust.
You assume a fearsome visage.
The slime creature looks frightened!
The skeletal warrior is unaffected.
The boulder beetle looks frightened!
It was a scroll of fear.
The boulder beetle leaps!
The skeletal warrior misses you.
There is an open door here.
It was a potion of mutation.
You feel extremely strange.
You feel clever.
You feel resistant to cold.
Your body twists and deforms.
You feel less encumbered by your armour.
The slime creature jiggles.
The skeletal warrior barely misses you.
It was a potion of heal wounds.
You feel much better.
The skeletal warrior hits you with a +0 long sword!!
* * * LOW HITPOINT WARNING * * *
The skeletal warrior hits you with a +0 long sword.
* * * LOW HITPOINT WARNING * * *
As you read the scroll labelled JIEJUJ DOBAKHO, it crumbles to dust.
The creatures around you are filled with an inner flame!
It was a scroll of immolation.
The gnoll sergeant hits you but does no damage.
The skeletal warrior misses you.
As you read the scroll of fear, it crumbles to dust.
You assume a fearsome visage.
The gnoll sergeant resists with some effort.
The skeletal warrior is unaffected.
The gnoll sergeant hits you from afar with a +0 trident!
* * * LOW HITPOINT WARNING * * *
The skeletal warrior hits you with a +0 long sword!
You die...

P##.#######.####.#.#.##.##.##.≈≈.
##...............#.#.##.##.##.≈≈.
.....######........#.##.## #.≈≈.
§§...# ###......#.....#♣♣♣.≈≈.
≈§§..# #......#.)..##♣...≈≈.
§.....# #......#.#####♣.⌠.≈≈.
..8.#..#########.........#♣...≈≈.
≈...##..#.......##.#.#####♣.∩.≈≈.
≈≈≈.....+.......@..#.....#♣...≈≈.
......#.#......z##########♣.∩.≈≈.
...............Bg..°.....#♣...≈≈.
......#.........####g#####♣♣♣.≈≈.
......##........# #.# #.≈≈.
......##........# #z## #.≈≈.
...##. ##..###### #B.# #.≈≈.
...≈# ##..# ##g## #.≈≈. ...∩#
##.# ∆#...#∆ #.≈≈.


You could see a boulder beetle and a skeletal warrior (inner flame).

Vanquished Creatures
  Pikel (D:6)
  Eustachio (D:5)
  3 steam dragons
  A water moccasin (D:8)
  An orc warrior (D:7)
  2 black bears
  An ice beast (D:6)
  A sky beast (D:7)
  4 ogres (D:6)
  2 lemures (D:6)
  2 centaurs (D:7)
  4 scorpions
  4 bullfrogs
  5 killer bees (D:8)
  2 electric eels
  5 howler monkeys
  7 hounds
  2 orc priests
  A gnoll bouda (D:4)
  6 iguanas
  3 jellies (D:6)
  4 sleepcaps
  2 orc wizards
  A mummy (D:5)
  9 gnolls (D:5)
  11 adders
  2 white imps
  An ufetubus (D:7)
  2 worms
  4 dart slugs
  23 orcs
  20 endoplasms
  12 giant cockroaches
  6 hobgoblins
  15 jackals
  5 kobolds
  15 quokkas
  19 ball pythons
  5 bats
  12 frilled lizards
  5 goblins
  3 hobgoblin zombies (D:5)
  A kobold zombie (D:5)
  5 rats
240 creatures vanquished.

Vanquished Creatures (others)
  An orc wizard (D:7)
  An adder (D:6)
2 creatures vanquished.

Grand Total: 242 creatures vanquished

Notes
Turn   | Place    | Note
-------+----------+-------------------------------------------
     0 | D:1      | Kallu the Gnoll Conjurer began the quest for the Orb.
     0 | D:1      | Reached XP level 1. HP: 13/13 MP: 6/6
   205 | D:1      | Reached XP level 2. HP: 19/19 MP: 3/7
   655 | D:1      | Reached skill level 5 in Spellcasting
   655 | D:1      | Reached XP level 3. HP: 25/25 MP: 4/9
   848 | D:1      | Found a faded altar of an unknown god.
   994 | D:2      | Reached skill level 1 in Invocations
  1290 | D:2      | Reached skill level 1 in Fighting
  1290 | D:2      | Reached skill level 1 in Short Blades
  1290 | D:2      | Reached skill level 1 in Long Blades
  1290 | D:2      | Reached skill level 1 in Axes
  1290 | D:2      | Reached skill level 1 in Maces & Flails
  1290 | D:2      | Reached skill level 1 in Polearms
  1290 | D:2      | Reached skill level 1 in Staves
  1290 | D:2      | Reached skill level 1 in Ranged Weapons
  1290 | D:2      | Reached skill level 1 in Throwing
  1290 | D:2      | Reached skill level 1 in Armour
  1290 | D:2      | Reached skill level 1 in Shields
  1290 | D:2      | Reached skill level 1 in Unarmed Combat
  1290 | D:2      | Reached skill level 1 in Evocations
  1637 | D:2      | Found a bloodstained altar of Trog.
  1910 | D:3      | Reached XP level 4. HP: 32/32 MP: 8/11
  1995 | D:3      | Learned a level 2 spell: Searing Ray
  2339 | D:3      | Reached skill level 1 in Hexes
  2339 | D:3      | Reached skill level 1 in Summonings
  2339 | D:3      | Reached skill level 1 in Necromancy
  2339 | D:3      | Reached skill level 1 in Translocations
  2339 | D:3      | Reached skill level 1 in Transmutations
  2339 | D:3      | Reached skill level 1 in Fire Magic
  2339 | D:3      | Reached skill level 1 in Ice Magic
  2339 | D:3      | Reached skill level 1 in Air Magic
  2339 | D:3      | Reached skill level 1 in Earth Magic
  2339 | D:3      | Reached skill level 1 in Poison Magic
  3029 | D:3      | Found a faded altar of an unknown god.
  3035 | D:3      | Found a sacrificial altar of Ru.
  3041 | D:3      | Found a white marble altar of Elyvilon.
  3043 | D:3      | Found a shadowy altar of Dithmenos.
  3046 | D:3      | Found a faded altar of an unknown god.
  3162 | D:4      | Noticed a steam dragon
  3277 | D:4      | Reached XP level 5. HP: 34/37 MP: 5/12
  3281 | D:4      | Learned a level 3 spell: Stone Arrow
  3580 | D:4      | Reached XP level 6. HP: 19/44 MP: 1/14
  3814 | D:4      | Killed a steam dragon
  3815 | D:4      | Reached skill level 5 in Dodging
  3973 | D:4      | Noticed a black bear
  3984 | D:4      | Killed a black bear
  3985 | D:4      | Reached XP level 7. HP: 30/51 MP: 5/15
  4383 | D:4      | Found Jialigodgh's Distillery.
  4868 | D:5      | Entered Level 5 of the Dungeon
  4925 | D:5      | Reached skill level 5 in Stealth
  5603 | D:5      | Noticed Eustachio
  5609 | D:5      | Reached XP level 8. HP: 58/58 MP: 7/16
  5634 | D:5      | Killed Eustachio
  6092 | D:5      | Found a hide-covered altar of Uskayaw.
  6501 | D:5      | Became a worshipper of Uskayaw the Reveller
  6526 | D:6      | Reached * piety under Uskayaw
  6532 | D:6      | Reached ** piety under Uskayaw
  6536 | D:6      | Reached *** piety under Uskayaw
  6833 | D:6      | Found a glowing drain.
  6835 | D:6      | Noticed Pikel
  6846 | D:6      | Killed Pikel
  6846 | D:6      | Reached **** piety under Uskayaw
  6847 | D:6      | Reached skill level 8 in Conjurations
  6847 | D:6      | Reached XP level 9. HP: 65/65 MP: 11/18
  6858 | Sewer    | Entered a sewer
  7573 | D:6      | Found a stormy altar of Qazlal.
  7770 | D:6      | Reached skill level 5 in Invocations
  8230 | D:6      | Found a shimmering altar of Xom.
  8392 | D:6      | Learned a level 3 spell: Vampiric Draining
  8659 | D:7      | Found a staircase to the Ecumenical Temple.
  8679 | D:7      | Reached ***** piety under Uskayaw
  8680 | D:7      | Reached skill level 5 in Fighting
  8680 | D:7      | Reached skill level 5 in Short Blades
  8680 | D:7      | Reached skill level 5 in Long Blades
  8680 | D:7      | Reached skill level 5 in Axes
  8680 | D:7      | Reached skill level 5 in Maces & Flails
  8680 | D:7      | Reached skill level 5 in Polearms
  8680 | D:7      | Reached skill level 5 in Staves
  8680 | D:7      | Reached skill level 5 in Ranged Weapons
  8680 | D:7      | Reached skill level 5 in Throwing
  8680 | D:7      | Reached skill level 5 in Armour
  8680 | D:7      | Reached skill level 5 in Shields
  8680 | D:7      | Reached skill level 5 in Unarmed Combat
  8680 | D:7      | Reached skill level 5 in Evocations
  8680 | D:7      | Reached XP level 10. HP: 22/74 MP: 3/20
  9228 | D:7      | Found a basalt altar of Yredelemnul.
  9228 | D:7      | Found a hazy altar of Hepliaklqana.
  9909 | D:8      | Found Ohau's Armour Shoppe.
  9912 | D:8      | Found Ruemienu's Book Boutique.
  9914 | D:8      | Found Daunaari's Weapon Shop.
 10003 | D:8      | Found Cimooci's Specific Store.
 10015 | D:8      | Found Lirid's General Store.
 10028 | D:8      | Found a bloodstained altar of Trog.
 10047 | D:8      | Found a runed translucent gate.
 10047 | D:8      | Found a runed translucent gate.
 10049 | D:8      | Found a runed translucent gate.
 10049 | D:8      | Noticed Anaz's ghost (novice DgAE)
 10050 | D:8      | Noticed a nine-headed hydra
 10247 | D:8      | Noticed a boulder beetle
 10251 | D:8      | Noticed a skeletal warrior
 10268 | D:8      | Gained mutation: Your mind is acute. (Int +4, Str/Dex -1)
                  | [potion of mutation]
 10268 | D:8      | Gained mutation: Your flesh is cold resistant. (rC+)
                  | [potion of mutation]
 10268 | D:8      | Gained mutation: Armour fits poorly on your strangely
                  | shaped body. [potion of mutation]
 10268 | D:8      | Gained mutation: Your movements are slightly less
                  | encumbered by armour. (ER -2) [potion of mutation]
 10271 | D:8      | Slain by a skeletal warrior

Illustrated notes

Levels and vault maps discovered:
D:1:      amcnicky_arrival_double_pillar, layout_loops_ring,
          dilly_ecumenical_altar_fadedgnrine, nicolae_wormholes
D:2:      layout_basic, basic_altar, nrook_mini_vaults
D:3:      layout_loops_corners, chequers_temple_overflow_minitemple
D:4:      layout_basic, serial_shops, nicolae_take_the_stairs,
          columned_hall_lemuel, chequers_garden
D:5:      layout_rooms, kennysheep_little_box, minmay_mini_ossuary,
          uniq_eustachio
D:6:      layout_cave_pools, nicolae_qazlal_style_of_elements,
          dk_xom_monty_hall, gup_sewer_entry_glass, minmay_starry_boxes,
          uniq_pikel
D:7:      layout_loops_ring, gammafunk_temple_overflow_elements,
          minmay_temple_entry_ruins, water_boxes_lemuel, uniq_crazy_yiuf_cottage
D:8:      minmay_blocky_corners, layout_basic, mainiacjoe_overflow_catwalk,
          gammafunk_ghost_hydra_chop, nicolae_wooded_promenade,
          nicolae_specific_store

Skill      XL: |  1  2  3  4  5  6  7  8  9 10 |
---------------+-------------------------------+-----
Spellcasting   | 5 6 7 |  7.4
Invocations    | 1 2 3 4 5 |  5.8
Fighting       | 1 2 3 4 5 |  5.3
Short Blades   | 1 2 3 4 5 |  5.3
Long Blades    | 1 2 3 4 5 |  5.3
Axes           | 1 2 3 4 5 |  5.3
Maces & Flails | 1 2 3 4 5 |  5.3
Polearms       | 1 2 3 4 5 |  5.3
Staves         | 1 2 3 4 5 |  5.3
Ranged Weapons | 1 2 3 4 5 |  5.3
Throwing       | 1 2 3 4 5 |  5.3
Armour         | 1 2 3 4 5 |  5.3
Shields        | 1 2 3 4 5 |  5.3
Unarmed Combat | 1 2 3 4 5 |  5.3
Evocations     | 1 2 3 4 5 |  5.3
Hexes          | 1 2 3 4 |  4.4
Summonings     | 1 2 3 4 |  4.4
Necromancy     | 1 2 3 4 |  4.4
Translocations | 1 2 3 4 |  4.4
Transmutations | 1 2 3 4 |  4.4
Fire Magic     | 1 2 3 4 |  4.4
Ice Magic      | 1 2 3 4 |  4.4
Air Magic      | 1 2 3 4 |  4.4
Earth Magic    | 1 2 3 4 |  4.4
Poison Magic   | 1 2 3 4 |  4.4
Dodging        | 5 6 7 |  7.1
Stealth        | 5 6 |  6.8
Conjurations   | 8 |  8.4

Action                     |  1- 3 |  4- 6 |  7- 9 | 10-12 || total
---------------------------+-------+-------+-------+-------++-------
  Melee: Long sword        |    31 |     4 |     4 |       ||    39
         Bite              |       |     1 |    17 |    10 ||    28
         Spear             |       |       |   204 |    72 ||   276
         Punch             |       |       |     6 |     5 ||    11
   Cast: Magic Dart        |    52 |    84 |    68 |       ||   204
         Searing Ray       |       |     8 |    46 |     3 ||    57
         Stone Arrow       |       |       |     3 |       ||     3
 Invoke: Line Pass         |       |       |     9 |     4 ||    13
         Stomp             |       |       |     7 |     2 ||     9
  Evoke: Wand              |       |     1 |     2 |       ||     3
    Use: Potion            |       |       |       |     4 ||     4
         Scroll            |       |       |       |     3 ||     3
   Stab: Sleeping          |     3 |       |     4 |     3 ||    10
         Distracted        |       |       |     2 |     1 ||     3
         Paralysed         |       |       |     5 |     3 ||     8
         Confused          |       |       |     1 |     1 ||     2
 Armour: Robe              |     8 |     1 |       |       ||     9
         Steam dragon scal |       |       |    71 |    19 ||    90
  Dodge: Dodged            |    29 |    24 |   148 |    42 ||   243
